Match 47483890
Unlisted

Match 47483890
End
Panzergrenadier Squad
Selects Armored Support Battlegroup
Panzerpioneer Squad
Panzergrenadier Squad
Construct Light Support Kompanie
Panzergrenadier Squad
Selects Superior Fire Drills
Construct Mechanized Kompanie
MG34 Team
8 Rad Armored Car
Panzerpioneer Squad
2.5-tonne Medical Truck
Selects Flammpanzer III Medium Tank
Flammpanzer III Medium Tank
Marder III Tank Destroyer
Marder III Tank Destroyer
♠♣ Kvothe ♠♣
Duein
0
0

Comments sign in to comment!

No comments posted yet!